 Dungeon Crawl Stone Soup version 0.31-a0-971-g75a2e9a4b4 (webtiles) character file.

Game seed: 3669639831402199016

155 MacCMillion the Ruffian (level 5, -5/36 HPs)
             Began as an Octopode Shapeshifter on Oct 28, 2023.
             Killed by divine providence
             ... invoked by an orc priest
              (13 damage)
             ... on level 3 of the Dungeon.
             The game lasted 00:05:36 (2032 turns).

MacCMillion the Ruffian (Octopode Shapeshifter)     Turns: 2032, Time: 00:05:36

Health: -5/36      AC:  1    Str: 16    XL:     5   Next: 37%
Magic:  14/14      EV: 13    Int: 12    God:
Gold:   106        SH:  0    Dex: 11    Spells: 4/4 levels left

rFire   . .          .
                       - Unarmed
rCold   + . .        (no shield)
rNeg    . . .        (helmet currently unavailable)
rPois   .            (no amulet)
rElec   .            i - ring of protection from cold
rCorr   .            p - ring of magical power
SInv    .            (no ring)
Will    .....        (no ring)
Stlth   +++          (no ring)
HPRegen 0.26/turn    (no ring)
MPRegen 0.14/turn    (no ring)
                     (no ring)

%: no passive effects
@: beast-form
A: beast (slay +1), almost no armour, amphibious, 8 rings, camouflage 1,
gelatinous body 1, (nimble swimmer 1), tentacles
a: Begin Untransformation


You were on level 3 of the Dungeon.
You were a hulking beast.
You visited 1 branch of the dungeon, and saw 3 of its levels.

You collected 106 gold pieces.

Inventory:

Missiles
 j - 2 poisoned darts
Jewellery
 i - a ring of protection from cold (left tentacle)
 p - a ring of magical power (right tentacle)
Talismans
 b - a beast talisman
 c - a flux talisman
 k - a blade talisman
Wands
 h - a wand of quicksilver (12)
Scrolls
 f - a scroll of teleportation {unknown}
 g - a scroll of amnesia {unknown}
 m - 2 scrolls of identify {unknown}
 n - a scroll of noise {unknown}
 o - a scroll of fog {unknown}
Potions
 a - a potion of lignification
 d - 2 potions of heal wounds {unknown}
 e - a potion of cancellation {unknown}
 l - a potion of curing {unknown}
 q - a potion of might {unknown}


   Skills:
 + Level 3.4 Fighting
 - Level 2.0 Dodging
 + Level 1.2 Stealth
 + Level 4.5 Unarmed Combat
 + Level 3.1 Shapeshifting


You had 4 spell levels left.
You didn't know any spells.
Your spell library contained the following spells:

 Spells                   Type           Power      Damage    Failure   Level
 Magic Dart               Conj           0%         1d3       32%         1
 Searing Ray              Conj           0%         2d4       45%         2
 Fulminant Prism          Conj/Hex       0%         3d5       97%         4


Dungeon Overview and Level Annotations

Branches:
Dungeon (3/15)

Altars:


Innate Abilities, Weirdness & Mutations

You are a hulking beast.
Your limbs bulge with bestial killing power. (Slay +1)
You cannot wear most types of armour.
You are amphibious.
You can wear up to eight rings at the same time.
Your skin changes colour to match your surroundings (Stealth+).
Your rubbery body absorbs attacks. (AC +1, EV +1)
((You are camouflaged when in or above water. (Stealth+)))
You have tentacles for arms and can constrict up to eight enemies at once.


Message History

HP restored.
q - a red potion A quokka comes into view.
Things that are here:
a +0 club; a goblin corpse A quokka is nearby!
A quokka is nearby!
The quokka barely misses you.
You closely miss the quokka. You grab the quokka. You squeeze the quokka.
The quokka is heavily wounded.
You constrict the quokka, but do no damage.
The quokka closely misses you.
You tentacle-slap the quokka.
You kill the quokka!
No target in view!
You open the door.
There is an open door here.
An orc priest comes into view. It is wielding a +0 club.
An orc priest is nearby!
An orc priest is nearby!
Found 6 stones.
The orc priest shouts!
You hear a shout!
The orc priest calls down the wrath of Beogh upon you.
Beogh smites you!
An orc comes into view. It is wielding a +0 war axe.
An orc comes into view. It is wielding a +0 dagger.
An orc comes into view. It is wielding a +0 club.
The orc priest hits you with a +0 club.
The orc throws a stone.
The stone hits you.
You barely miss the orc priest. Your grab misses the orc priest.
Your squeeze misses the orc priest.
The orc priest mumbles some strange prayers to Beogh against you.
Beogh smites you!
* * * LOW HITPOINT WARNING * * *
You are too injured to fight recklessly!
You closely miss the orc priest. You grab the orc priest.
You constrict the orc priest.
The orc priest calls down the wrath of Beogh upon you.
Beogh smites you!
You die...

#.........#
#.........#
#.........#
#.........#
#...o.o...#
#.....o...#
#....o....#
#(....h...#
#.........#
#.........#
...........##+###
##.#######......#
# #....'......#
#.####......#
#.#.........#
#.#<#.......#


You could see an orc priest and 3 orcs.

Vanquished Creatures
  3 gnolls (D:2)
  7 adders (D:2)
  2 dart slugs
  9 endoplasms
  4 giant cockroaches
  5 goblins
  2 hobgoblins (D:1)
  4 jackals (D:1)
  5 kobolds
  4 quokkas
  5 ball pythons
  3 bats (D:1)
  3 frilled lizards
  4 rats
60 creatures vanquished.

Notes
Turn   | Place    | Note
-------+----------+-------------------------------------------
     0 | D:1      | MacCMillion the Octopode Shapeshifter began the quest for
                  | the Orb.
     0 | D:1      | Reached XP level 1. HP: 13/13 MP: 1/1
     7 | D:1      | You fall into a shaft and drop 1 floor!
   141 | D:2      | Reached XP level 2. HP: 19/19 MP: 2/2
   301 | D:1      | Reached XP level 3. HP: 23/24 MP: 3/3
   937 | D:1      | Reached skill level 4 in Unarmed Combat
   937 | D:1      | Reached XP level 4. HP: 30/30 MP: 4/4
  1799 | D:2      | Reached XP level 5. HP: 33/36 MP: 5/5
  1837 | D:2      | Reached skill level 1 in Stealth
  2032 | D:3      | Killed from afar by an orc priest

Illustrated notes

Levels and vault maps discovered:
D:1:      dpeg_arrival_rhombi, layout_loops_ring, serial_co_window_serial,
          co_window_paths_a, co_window_corner_a, co_window_paths_a,
          co_window_of_opportunity_a, co_window_paths_a, co_window_corner_ca,
          co_window_corner_b, co_window_corner_b, co_window_corner_b,
          co_window_2corner, glass_columns_b, glass_columns_a, glass_columns_a,
          glass_columns_a
D:2:      layout_rooms, minmay_pentomino_u2
D:3:      layout_basic

Skill      XL: |  1  2  3  4  5 |
---------------+----------------+-----
Fighting       | 2 3 |  3.4
Unarmed Combat | 4 |  4.5
Stealth        | 1 |  1.2
Dodging        | |  2.0
Shapeshifting  | |  3.1

Action                     |  1- 3 |  4- 6 || total
---------------------------+-------+-------++-------
  Melee: Unarmed           |    68 |    53 ||   121
         Constrict         |    14 |    12 ||    26
         Punch             |     3 |       ||     3
         Tentacles         |    10 |     8 ||    18
   Stab: Sleeping          |     4 |     8 ||    12
 Armour: Skin              |    19 |    16 ||    35
  Dodge: Dodged            |    34 |    19 ||    53

Table legend: (Time is in decaauts)
 A = Elapsed time spent in this place.
 B = Non-inter-level travel time spent in this place.
 C = Inter-level travel time spent in this place.
 D = Time resting spent in this place.
 E = Time spent auto-exploring this place.
 F = Levels seen in this place.
 G = Mean time per level.
                   A        B        C        D        E       F      G
               +--------+--------+--------+--------+--------+-----+--------+
         Total |   2021 |   1967 |     54 |    428 |   1038 |   3 |  673.7 |
       Dungeon |   2021 |   1967 |     54 |    428 |   1038 |   3 |  673.7 |
               +--------+--------+--------+--------+--------+-----+--------+

Top non-repeatable levels by time:
     D:1: 1133 daAuts
     D:2: 859 daAuts
     D:3: 29 daAuts
